Map: Flashback CE

Players

WarpigxxxL

  • Race: Zerg Zerg
  • Spawn Location: 11:00

dwduck

  • Race: Protoss Protoss
  • Spawn Location: 11:00

xBenx

  • Race: Zerg Zerg
  • League: Gold
  • Spawn Location: 9:00

Landslide

  • Race: Zerg Zerg
  • Spawn Location: 7:00

soup

  • Race: Terran Terran
  • Spawn Location: 7:00

dubblefrok

  • Race: Terran Terran
  • League: Silver
  • Spawn Location: 7:00

VOD

Have the link to the VOD?

Description

xBenx. WarpigxxxL, dwduck vs dubblefrok, soup, Landslide

Time

  • Played on: April 11, 2024, 2:59 p.m.
  • Length: 12:50
Show
View Real Time Build Order
Export as new Build Order

WarpigxxxL Zerg 

Build Orders: Pool First 

Get SALT Encoding   

  13  0:07  Drone  
  13  0:10  Drone  
  14  0:18  Overlord  
  14  0:37  Spawning Pool  
  14  0:39  Drone  
  14  1:09  Drone  
  14  1:10  Hatchery  
  14  1:14  Drone  
  14  1:16  Drone  
  16  1:27  Drone  
  17  1:46  Drone  
  18  1:50  Drone  
  18  1:53  Drone  
  20  1:59  Extractor  
  19  2:06  Hatchery  
  18  2:10  Extractor  
  18  2:14  Drone  
  18  2:21  Zergling x2  
  19  2:25  Drone x2  
  21  2:32  Spine Crawler  
  20  2:43  Zergling x4  
  22  3:00  Metabolic Boost  
  22  3:09  Zergling x8  
  22  3:10  Zergling x4  
  26  3:54  Burrow  
  27  4:02  Drone  
  27  4:03  Drone x7  
  33  4:18  Roach Warren  
  33  4:20  Drone  
  33  4:23  Evolution Chamber x2  
  31  4:24  Lair  
  31  4:41  Zergling x6  
  31  4:42  Zergling x4  
  33  4:56  Overlord  
  33  4:57  Overlord x2  
  33  5:22  Roach x5  
  33  5:23  Roach  
  33  5:27  Tunneling Claws  
  45  5:32  Drone  
  45  5:33  Drone  
  44  6:02  Nydus Network  
  43  6:07  Roach x6  
  43  6:11  Overseer  
  55  6:13  Roach  
  55  6:15  Drone  
  58  6:25  Infestation Pit  
  57  7:09  Nydus Canal  
  57  7:11  Overlord  
  57  7:12  Overlord x7  
  57  7:16  Overlord  
  57  7:22  Roach x10  
  54  7:32  Ravager  
  50  7:43  Roach x4  
  46  7:45  Roach x3  
  46  7:46  Roach  
  46  7:49  Nydus Canal  
  42  7:52  Roach  
  36  8:17  Roach x3  
  36  8:18  Roach x3  
  46  8:21  Overseer x2  
  44  8:35  Roach x2  
  30  9:00  Roach x4  
  33  9:10  Drone  
  33  9:11  Drone  
  35  9:32  Roach x4  
  43  9:41  Roach  
  43  9:42  Roach  
  47  9:53  Pneumatized Carapace  
  47  9:54  Drone x3  
  47  9:55  Drone  
  51  10:09  Zerg Melee Weapons Level 1  
  51  10:10  Zerg Missile Weapons Level 1  
  51  10:22  Drone x3  
  54  10:29  Hatchery  
  53  10:37  Drone x5  
  56  11:17  Roach  
  56  11:18  Roach x9  
  54  11:24  Glial Reconstitution  
  54  11:26  Roach  
  54  11:28  Drone  
  54  11:29  Drone x5  
  38  11:51  Roach x3  
  42  12:01  Extractor, Drone x4  
  44  12:02  Extractor  
  44  12:10  Roach x2  
  48  12:23  Spore Crawler  
  48  12:24  Spore Crawler x3  
  48  12:25  Spore Crawler x2  
  48  12:27  Spore Crawler  
  48  12:28  Spore Crawler x2  
  48  12:29  Spore Crawler  
  38  12:30  Roach x3  
  38  12:31  Spore Crawler, Roach x3  
  49  12:37  Drone  
  49  12:38  Drone x2  
Show
View Real Time Build Order
Export as new Build Order

dwduck Protoss 

Build Orders:  

Get SALT Encoding   

  12  0:02  Probe  
  13  0:15  Probe (Chrono Boost)  
  14  0:26  Probe (Chrono Boost)  
  15  0:35  Pylon  
  15  0:53  Probe  
  16  0:58  Pylon  
  16  1:05  Probe  
  17  1:48  Probe (Chrono Boost)  
  18  1:59  Nexus, Probe (Chrono Boost)  
  19  2:04  Probe (Chrono Boost)  
  19  2:05  Pylon  
  19  2:07  Pylon  
  20  2:10  Pylon  
  20  2:13  Gateway  
  20  2:14  Probe  
  21  2:16  Forge  
  21  2:25  Assimilator  
  21  2:29  Assimilator  
  21  2:57  Photon Cannon  
  21  2:58  Photon Cannon  
  21  3:00  Photon Cannon  
  21  3:02  Photon Cannon  
  21  3:20  Probe  
  22  3:28  Probe  
  22  3:32  Probe  
  24  3:37  Photon Cannon  
  24  3:38  Photon Cannon  
  24  3:40  Probe  
  25  3:44  Probe  
  26  3:50  Pylon  
  26  4:03  Cybernetics Core  
  26  4:35  Zealot  
  28  4:46  Stargate  
  28  4:48  Stargate  
  26  5:02  Zealot  
  26  5:04  Photon Cannon  
  26  5:05  Photon Cannon  
  28  5:17  Pylon  
  28  5:22  Photon Cannon  
  28  5:36  Shield Battery  
  28  5:39  Shield Battery  
  28  5:44  Shield Battery  
  28  5:49  Probe  
  29  6:01  Probe  
  29  6:03  Pylon  
  30  6:06  Pylon  
  30  6:13  Probe  
  30  6:14  Probe  
  32  6:25  Probe  
  32  6:26  Probe  
  34  6:38  Probe x2  
  34  6:50  Probe x2  
  40  6:58  Void Ray  
  44  7:02  Probe x2  
  44  7:04  Void Ray  
  46  7:14  Probe  
  47  7:26  Probe (Chrono Boost)  
  48  7:38  Nexus, Probe (Chrono Boost)  
  49  7:46  Assimilator, Probe (Chrono Boost)  
  49  7:50  Assimilator  
  50  7:53  Probe  
  51  8:05  Probe  
  46  9:04  Probe (Chrono Boost)  
  46  9:09  Void Ray  
  47  9:10  Void Ray  
  47  9:14  Probe (Chrono Boost)  
  57  9:18  Probe (Chrono Boost)  
  57  9:20  Probe (Chrono Boost)  
  59  9:25  Probe (Chrono Boost)  
  59  9:28  Probe (Chrono Boost)  
  61  9:35  Probe x2 (Chrono Boost)  
  61  9:36  Probe (Chrono Boost)  
  63  9:39  Probe (Chrono Boost)  
  63  9:42  Probe x2  
  66  9:50  Probe  
  67  9:54  Probe x2  
  67  9:59  Assimilator  
  69  10:02  Probe  
  69  10:03  Assimilator  
  69  10:06  Probe x2  
  72  10:18  Probe x2  
  74  10:30  Probe x2  
  76  10:42  Probe  
  77  10:47  Nexus  
  68  11:37  Pylon  
  68  11:39  Pylon  
  66  11:41  Pylon  
  59  11:59  Void Ray x2 (Chrono Boost)  
  75  12:44  Fleet Beacon  
Show
View Real Time Build Order
Export as new Build Order

xBenx Zerg 

Build Orders: Hatch First 

Get SALT Encoding   

  12  0:05  Drone  
  13  0:16  Overlord  
  13  0:32  Drone  
  13  0:34  Drone  
  13  0:35  Drone  
  16  0:51  Drone  
  17  0:59  Drone  
  17  1:02  Hatchery  
  17  1:11  Drone  
  18  1:18  Extractor, Drone  
  18  1:35  Drone  
  18  1:39  Spawning Pool, Drone  
  19  1:49  Drone  
  20  2:01  Drone  
  21  2:20  Drone  
  22  2:23  Drone  
  22  2:25  Drone  
  22  2:27  Queen x2  
  28  2:39  Metabolic Boost  
  28  2:44  Overlord x2  
  28  2:45  Overlord x2  
  28  2:55  Spine Crawler  
  27  3:00  Drone  
  27  3:03  Extractor  
  27  3:04  Lair  
  27  3:08  Drone x2  
  27  3:11  Drone  
  31  3:26  Drone x3  
  34  3:29  Drone  
  34  3:30  Zergling x2  
  35  3:39  Drone x3  
  38  3:45  Spore Crawler  
  37  3:49  Baneling Nest  
  37  3:50  Drone  
  37  3:54  Extractor, Drone x4  
  40  3:58  Overlord  
  40  4:05  Drone  
  40  4:07  Spore Crawler  
  40  4:21  Drone x3  
  40  4:22  Hydralisk Den  
  42  4:28  Spore Crawler  
  33  4:35  Centrifugal Hooks, Zergling x10  
  33  4:36  Zergling x2  
  36  4:50  Grooved Spines, Drone x5  
  41  4:56  Drone  
  42  5:11  Hydralisk, Nydus Network  
  43  5:16  Baneling x2  
  43  5:17  Baneling  
  43  5:20  Spine Crawler  
  42  5:23  Drone  
  42  5:24  Drone  
  43  5:52  Hydralisk, Zergling x12  
  43  5:56  Queen  
  53  6:00  Extractor, Drone  
  53  6:03  Baneling x3  
  53  6:06  Muscular Augments  
  53  6:10  Nydus Canal  
  53  6:20  Infestation Pit  
  51  6:35  Nydus Canal  
  51  6:39  Overlord x2  
  49  6:41  Hydralisk  
  51  6:57  Overlord  
  51  6:58  Overlord  
  51  7:03  Spore Crawler, Drone  
  51  7:04  Drone x2  
  51  7:06  Drone  
  51  7:07  Queen  
  56  7:10  Hive  
  56  7:17  Nydus Canal  
  56  7:24  Drone x2  
  58  7:32  Nydus Canal  
  48  7:42  Hydralisk x2, Zergling x10  
  48  7:43  Zergling x2  
  46  8:05  Hatchery  
  45  8:10  Nydus Canal  
  34  8:35  Hydralisk  
  34  8:36  Hydralisk x5  
  42  8:58  Hydralisk, Zergling x6  
  45  9:07  Drone x2  
  41  9:43  Drone x2  
  41  9:44  Queen, Drone  
  47  9:45  Zergling x2  
  47  10:07  Hatchery  
  47  10:11  Spine Crawler  
  45  10:16  Spine Crawler  
  45  10:21  Nydus Canal  
  44  10:37  Drone x3  
  44  10:38  Extractor  
  44  10:39  Drone x2  
  44  10:40  Drone  
  49  11:04  Evolution Chamber  
  49  11:06  Evolution Chamber  
  47  11:11  Overseer  
  47  11:12  Overseer  
  47  11:15  Pneumatized Carapace  
  47  11:18  Drone x3  
  50  11:19  Drone x2  
  50  11:22  Extractor  
  50  11:23  Spore Crawler  
  33  11:55  Drone x3  
  33  11:57  Drone x3  
  33  11:58  Drone  
Show
View Real Time Build Order
Export as new Build Order

Landslide Zerg 

Build Orders: Hatch First 

Get SALT Encoding   

  12  0:00  Drone  
  13  0:12  Overlord  
  13  0:17  Drone  
  14  0:30  Drone  
  14  0:31  Drone  
  14  0:34  Drone  
  17  0:45  Drone  
  18  0:56  Hatchery  
  17  1:06  Drone  
  18  1:12  Spawning Pool  
  18  1:16  Drone  
  18  1:17  Extractor  
  17  1:20  Drone  
  18  1:28  Drone  
  19  1:46  Overlord  
  19  2:01  Queen  
  21  2:08  Queen  
  21  2:10  Drone  
  21  2:11  Drone x3  
  27  2:17  Metabolic Boost  
  27  2:20  Drone  
  28  2:28  Drone  
  28  2:29  Roach Warren  
  28  2:30  Drone  
  28  2:33  Drone  
  28  2:36  Extractor  
  29  2:43  Zergling x2  
  30  2:44  Zergling x2  
  31  2:53  Zergling x2  
  31  2:54  Zergling x2  
  33  3:41  Zergling x6  
  33  3:46  Overlord x2  
  35  3:50  Overlord x5  
  35  4:08  Zergling x4  
  35  4:09  Zergling x2  
  38  4:12  Lair  
  38  4:14  Queen  
  40  4:18  Drone  
  35  4:48  Roach x6  
  35  4:49  Roach  
  35  4:50  Roach x2  
  53  4:54  Extractor  
  53  4:55  Extractor, Drone  
  52  5:00  Spore Crawler  
  51  5:13  Drone x3  
  54  5:16  Glial Reconstitution  
  54  5:19  Burrow  
  54  5:21  Roach  
  54  5:22  Roach  
  54  5:23  Roach x2  
  61  5:51  Roach x5  
  61  5:52  Roach  
  61  5:53  Roach  
  75  6:05  Ravager  
  75  6:06  Ravager x2  
  75  6:07  Ravager  
  75  6:10  Roach  
  75  6:11  Roach  
  83  6:34  Tunneling Claws  
  83  6:44  Drone  
  83  6:45  Overlord x4  
  83  6:46  Spine Crawler, Overlord  
  83  7:20  Roach x5  
  77  7:49  Roach x11  
  43  9:06  Roach x5  
  44  9:31  Drone x3  
  44  9:33  Spire  
  44  9:34  Drone x7  
  44  9:35  Drone x2  
  44  9:51  Drone x6  
  50  9:59  Spore Crawler  
  49  10:02  Hatchery  
  48  10:14  Roach x4  
  56  10:15  Roach  
  56  10:16  Roach x4  
  66  10:22  Evolution Chamber  
  66  10:23  Evolution Chamber  
  66  10:26  Spore Crawler  
  63  10:59  Mutalisk x6  
  63  11:00  Mutalisk  
  63  11:02  Mutalisk x5  
  63  11:03  Mutalisk x3  
  91  11:09  Mutalisk  
  77  11:28  Mutalisk x3  
  83  11:40  Mutalisk x2  
  85  11:50  Drone x3  
  85  11:52  Queen  
  90  12:00  Mutalisk x2  
  94  12:24  Mutalisk x2  
Show
View Real Time Build Order
Export as new Build Order

soup Terran 

Build Orders:  

Get SALT Encoding   

  12  0:00  SCV  
  13  0:13  SCV  
  14  0:25  SCV  
  15  0:36  Supply Depot  
  15  0:57  SCV  
  15  0:59  Barracks  
  16  1:12  SCV  
  17  1:26  SCV  
  18  1:35  Command Center  
  18  1:42  SCV  
  19  1:47  Refinery  
  19  1:49  Refinery  
  19  1:55  Marine  
  19  1:58  Orbital Command  
  20  2:12  Marine  
  21  2:24  SCV  
  22  2:39  Barracks  
  22  2:46  Bunker  
  22  2:49  Marine  
  23  2:53  Orbital Command  
  23  2:57  SCV  
  24  2:58  Factory  
  24  3:12  Marine  
  25  3:39  Marine  
  26  3:44  Factory Tech Lab  
  26  3:45  Starport  
  26  3:55  Bunker  
  26  4:09  Bunker  
  26  4:15  Marine  
  26  4:16  Siege Tank  
  29  4:17  SCV x2  
  31  4:25  Liberator  
  34  4:32  SCV x2  
  34  4:55  Marine  
  34  4:56  Siege Tank  
  38  5:07  Barracks  
  38  5:11  Supply Depot  
  38  5:12  Supply Depot  
  38  5:13  Starport Reactor, Supply Depot  
  38  5:18  Fusion Core  
  38  5:31  Supply Depot  
  38  5:33  SCV  
  38  5:35  Supply Depot  
  37  5:38  Command Center  
  36  5:45  SCV  
  36  5:52  Marine  
  37  5:59  SCV x2  
  39  6:10  Marine  
  39  6:11  SCV x2  
  42  6:12  Starport, Refinery  
  42  6:13  Refinery  
  42  6:18  Marine  
  43  6:21  Siege Tank  
  45  6:49  Marine x2  
  45  6:51  Viking x2  
  51  6:57  Starport  
  52  7:08  SCV  
  52  7:09  SCV  
  53  7:20  SCV  
  53  7:21  SCV  
  44  7:57  Orbital Command  
  44  8:22  SCV  
  44  8:23  SCV  
  46  8:30  Engineering Bay  
  46  8:34  SCV  
  46  8:35  SCV  
  48  8:47  SCV x2  
  50  8:49  SCV  
  51  8:59  SCV x2  
  51  9:01  SCV  
  54  9:09  Siege Tank  
  57  9:11  SCV x2  
  57  9:13  SCV  
  57  9:15  Marine  
  57  9:16  Marine  
  62  9:17  Starport Tech Lab  
  62  9:19  Weapon Refit  
  62  9:23  SCV x2  
  62  9:24  Armory  
  64  9:25  Armory  
  64  9:32  Planetary Fortress  
  64  9:33  Marine x2  
  64  9:34  Missile Turret  
  64  9:37  SCV x2  
  68  9:43  Battlecruiser  
  74  9:45  Viking  
  74  9:46  Viking  
  74  9:49  SCV x2  
  74  9:51  Supply Depot, Marine x2  
  74  9:52  Supply Depot  
  82  9:59  Sensor Tower  
  82  10:01  SCV x2  
  84  10:09  Marine x2  
  84  10:13  SCV x2  
  88  10:25  SCV  
  88  10:27  Marine x2  
  92  10:34  Starport Tech Lab  
  92  10:42  Viking x2  
  95  10:45  Marine x2  
  97  11:02  Marine x2  
  97  11:43  Marine x2  
  97  12:00  Marine  
  97  12:01  Marine  
  111  12:16  Supply Depot x2  
  111  12:17  Supply Depot  
  111  12:19  Supply Depot  
  111  12:21  Barracks  
  111  12:22  Barracks  
  111  12:24  Barracks  
  111  12:25  Barracks  
  111  12:26  Barracks  
  111  12:29  Widow Mine  
  113  12:31  Marine x2  
  115  12:38  SCV x3  
Show
View Real Time Build Order
Export as new Build Order

dubblefrok Terran 

Build Orders:  

Get SALT Encoding   

  12  0:00  SCV  
  13  0:26  Supply Depot  
  13  0:30  SCV  
  14  0:37  Refinery  
  14  0:42  SCV  
  15  0:49  Barracks  
  15  0:54  SCV  
  16  1:06  SCV  
  17  1:19  SCV  
  17  1:24  Refinery  
  17  1:25  Barracks  
  18  1:32  SCV  
  19  1:38  Marine  
  20  2:04  Command Center  
  20  2:07  SCV  
  21  2:20  SCV  
  22  2:23  Marine  
  23  2:33  Factory  
  23  2:47  Supply Depot  
  23  3:08  Marine x2, Orbital Command  
  25  3:26  Marine x2  
  27  3:44  Marine x2  
  29  3:49  Factory Reactor  
  29  3:55  Factory  
  29  4:02  Marine x2  
  31  4:10  SCV x2  
  31  4:14  Refinery  
  31  4:16  Supply Depot  
  33  4:22  Engineering Bay  
  33  4:25  SCV  
  34  4:33  SCV  
  34  4:37  SCV  
  36  4:45  SCV  
  37  4:46  Supply Depot  
  37  4:50  Factory Reactor  
  37  4:55  SCV  
  38  5:06  Factory  
  40  5:14  Hellion x2  
  42  5:32  Hellion x2  
  46  5:51  Marine  
  46  5:52  Marine  
  48  5:59  Factory Tech Lab  
  48  6:07  Armory  
  48  6:08  SCV x2  
  48  6:09  Marine x2  
  52  6:11  Supply Depot  
  52  6:20  SCV x2  
  54  6:27  Marine  
  56  6:32  SCV  
  56  6:33  SCV  
  56  6:34  Marine  
  58  6:45  Marine, SCV  
  60  6:47  Terran Infantry Weapons Level 1  
  60  6:49  SCV  
  60  6:52  Marine  
  62  6:54  Armory  
  62  7:03  Marine  
  62  7:07  Hellion x3  
  69  7:09  SCV  
  70  7:42  SCV x2  
  68  7:50  Marine x2  
  66  7:54  SCV x2  
  67  8:06  SCV  
  67  8:07  Marine, SCV  
  70  8:27  Missile Turret  
  70  8:36  Engineering Bay  
  70  8:42  Refinery  
  70  8:46  Supply Depot  
  70  8:48  Missile Turret  
  70  8:56  Orbital Command  
  70  9:03  Smart Servos  
  70  9:04  Armory  
  70  9:08  Hellion x3, Marine x2  
  70  9:09  Supply Depot  
  78  9:11  Missile Turret  
  78  9:31  Hellion x3, SCV, Marine  
  86  9:32  Missile Turret  
  86  9:33  Supply Depot  
  86  9:36  Supply Depot  
  86  9:41  Siege Tank, Marine  
  86  9:43  SCV  
  86  9:44  Terran Vehicle Weapons Level 1  
  91  9:49  Marine  
  94  9:53  Hellion  
  94  9:54  Hellion x2  
  94  9:55  Hellion  
  94  9:59  Supply Depot, Marine  
  101  10:00  Supply Depot  
  101  10:06  Marine  
  102  10:14  Siege Tank  
  105  10:17  Marine  
  106  10:21  Infernal Pre-Igniter  
  106  10:24  Marine  
  107  10:35  Marine  
  108  10:38  Command Center  
  108  10:42  Marine  
  109  10:52  Marine  
  110  11:00  Marine  
  111  11:10  Marine  
  112  11:18  Marine  
  113  11:25  Siege Tank  
  116  11:28  Marine  
  117  11:35  Marine  
  118  11:46  Marine  
  119  11:53  Marine, Planetary Fortress  
  116  11:57  Missile Turret  
  116  12:00  SCV x2  
  118  12:03  Hellion  
  118  12:04  Hellion x3, Marine  
  127  12:11  Marine  
  127  12:12  SCV  
  129  12:18  Missile Turret  
  129  12:22  Marine  
  130  12:24  Barracks  
  130  12:29  Marine  
  131  12:39  Missile Turret  
Tags
 
Add a new tag
Caveats
  • Supply blocks, unpowered buildings, or Contaminate may cause inaccurate times.
  • Supply counts are checked every 10 seconds.